 Dungeon Crawl Stone Soup version 0.14-a0-1837-g7fb8695 (webtiles) character file.

30032 M4edhros the Nimble (level 13, -4/86 (90) HPs)
             Began as an Octopode Berserker on Jan 10, 2014.
             Was the Champion of Trog.
             Slain by a four-headed hydra (15 damage)
             ... on Level 8 of the Lair of Beasts.
             The game lasted 01:18:00 (20392 turns).

M4edhros the Nimble (Octopode Berserker)           Turns: 20392, Time: 01:18:01

HP  -4/86 (90)   AC  1     Str 18      XL: 13   Next: 41%
MP  21/22        EV 24     Int 10      God: Trog [******]
Gold 1197        SH 16     Dex 20      Spells:  0 memorised, 12 levels left

rFire  + + +     SeeInvis .     R - +0,+6 trident (freeze)
rCold  x . .     Clarity  .     L - +1 buckler {rF+}
rNeg   + . .     Conserve .     (helmet restricted)
rPois  .         rCorr    .     (no amulet)
rElec  .         rRot     .     O - ring of protection from magic
SustAb + .       Spirit   .     Q - +1 ring of intelligence
rMut   .         Warding  .     b - ring of sustain abilities
Saprov . . .     Stasis   .     o - +5 ring of dexterity
                                H - ring of magical power
                                M - ring of protection from fire
                                g - ring of fire
                                p - ring of positive energy

@: quite resistant to hostile enchantments, stealthy
A: almost no armour, amphibious, 8 rings, constrict 8, camouflage 1, gelatinous
body 1
a: Burn Spellbooks, Berserk, Trog's Hand, Brothers in Arms, Renounce Religion


You were on level 8 of the Lair of Beasts.
You worshipped Trog.
Trog was exalted by your worship.
You were not hungry.

You visited 2 branches of the dungeon, and saw 18 of its levels.
You also visited: Sewer, Ice Cave and Volcano.

You collected 1197 gold pieces.

Inventory:

Hand weapons
 e - a +4,+1 trident of flaming
 R - a +0,+6 trident of freezing (weapon)
Missiles
 k - 5 javelins (quivered)
Armour
 L - a +1 buckler of fire resistance (worn)
Magical devices
 i - a wand of cold (3)
 r - a wand of fire (5)
 C - a wand of enslavement (8)
 T - a wand of paralysis (3)
 W - a wand of polymorph (7)
 Z - a wand of fire (8)
Comestibles
 a - an apple
 x - 10 strawberries
 N - 7 bread rations
 Y - a banana
Scrolls
 c - a scroll of noise
 f - 7 scrolls of identify
 j - 3 scrolls of magic mapping
 n - 5 scrolls of enchant weapon I
 u - 2 scrolls of blinking
 v - 2 scrolls of fog
 z - a scroll of enchant armour
 A - 4 scrolls of teleportation
 F - 2 scrolls of recharging
 I - 2 scrolls of holy word
 U - 2 scrolls of enchant weapon II
 X - a scroll of enchant weapon III
Jewellery
 b - a ring of sustain abilities (on tentacle)
 g - a ring of fire (on tentacle)
 o - a +5 ring of dexterity (on tentacle)
 p - a ring of positive energy (on tentacle)
 y - an uncursed ring of fire
 H - a ring of magical power (on tentacle)
 M - a ring of protection from fire (on tentacle)
 O - a ring of protection from magic (left tentacle)
 P - an uncursed ring of flight
 Q - a +1 ring of intelligence (right tentacle)
 V - an uncursed ring of teleportation
Potions
 q - 2 potions of restore abilities
 B - a potion of invisibility
 D - 3 potions of heal wounds
 E - 3 potions of curing
 G - a potion of magic
 J - a potion of might
 S - 5 potions of berserk rage
Miscellaneous
 t - a phial of floods
 w - a disc of storms
 K - a lamp of fire (inert)


   Skills:
 + Level 9.3 Fighting
 - Level 12.7 Polearms
 - Level 4.0 Throwing
 + Level 13.0 Dodging
 + Level 9.4 Shields


You had 12 spell levels left.
You didn't know any spells.

Dungeon Overview and Level Annotations

Branches:
Dungeon (10/16)            Temple (0/1) D:4             Orc (0/4) D:10
   Lair (8/8) D:10         Shoals (0/5) Lair:5       Spider (0/5) Lair:5
  Slime (0/6) Lair:8

Altars:
Elyvilon
Fedhas
Makhleb
Okawaru
Sif Muna
Vehumet
Xom
the Shining One

Annotations:
D:10 Gastronok
Lair:4 exclusion: 4 doors
Lair:7 exclusion: electric eel


Innate Abilities, Weirdness & Mutations

You cannot wear most types of armour.
You are amphibious.
You can wear up to eight rings at the same time.
You can use your tentacles to constrict many enemies at once.
Your skin changes colour to match your surroundings (Stlth).
Your rubbery body absorbs attacks (AC +1).


Message History

Zapping:
T - a wand of paralysis (5)
Press: ? - help, Shift-Dir - straight line, f/p - four-headed hydra
Aim: a four-headed hydra The four-headed hydra resists with almost no effort.
This wand has 4 charges left.
The four-headed hydra bites you!
You block the four-headed hydra's attack.
The four-headed hydra completely misses you.
You block the four-headed hydra's attack.
Evoke which item? (* to show all) (? for menu, Esc to quit)
Zapping:
T - a wand of paralysis (4)
Press: ? - help, Shift-Dir - straight line, f/p - four-headed hydra
Aim: a four-headed hydra The four-headed hydra resists with almost no effort.
This wand has 3 charges left.
The four-headed hydra bites you! The four-headed hydra bites you!
* * * LOW HITPOINT WARNING * * *
The four-headed hydra bites you!
* * * LOW HITPOINT WARNING * * *
The four-headed hydra bites you!
You die... ...P.P.P.P.P.P.. ...P.P.P.P.....## ..PPP.PPPPPPP..#

#..............#
######.....f.......#
.#.#.#.Pf..#.......##
....................#
...#..%....f.......##
..####P.........@D#.###
....f.......fP.f.........
..............f.........
.......#.....fff..f.....
...##.##..#.###...##.#..
##f#####...## ..P## ...
###........# ....# .
###.................
.##.f.P#P.....f....


You could see a four-headed hydra.

Vanquished Creatures
  A hydra (Lair:4)
  Harold (Lair:3)
  A skeletal warrior (D:8)
  3 ice statues (IceCv)
  4 black mambas
  10 elephants
  3 griffons
  A spiny frog (Lair:2)
  2 fire drakes
  3 komodo dragons
  2 trolls (D:10)
  A hydra skeleton (D:10)
  4 blink frogs
  4 basilisks
  A tarantella (Lair:5)
  A hill giant zombie (D:9)
  3 toenail golems (Volcano)
  A merfolk (D:7)
  10 yaks (Lair:1)
  6 humans (Volcano)
  3 sharks (Lair:7)
  6 wolves
  6 hippogriffs
  4 vampire mosquitoes (D:8)
  Edmund (D:8)
  3 orc warriors
  A sky beast (D:8)
  7 porcupines
  4 giant goldfish
  9 ice beasts
  2 centaurs
  3 phantoms
  5 ogres
  2 crocodiles
  11 giant frogs
  8 water moccasins
  5 giant slugs
  A warg (D:10)
  2 big kobolds
  6 agate snails
  A killer bee (Lair:4)
  7 jellyfish
  A crimson imp (D:8)
  An electric eel (D:10)
  4 big fish
  6 orc priests
  3 jellies
  18 hounds
  2 scorpions
  11 orc wizards
  12 worker ants
  19 sheep
  3 iguanas
  Ijyb (D:5)
  An ogre skeleton (D:8)
  Terence (D:2)
  2 hound skeletons
  A mummy (D:10)
  2 worker ant zombies
  25 green rats
  16 adders
  A giant mite (D:3)
  3 gnolls (D:9)
  6 worms
  12 white imps (Lair:2)
  An adder skeleton (D:4)
  19 grey rats (Sewer)
  An iguana skeleton (D:8)
  A giant eyeball (D:8)
  An ooze (D:4)
  40 orcs
  16 ball pythons (Sewer)
  20 bats
  A bat skeleton (D:5)
  11 goblins
  14 hobgoblins
  42 jackals
  8 giant cockroaches
  3 giant geckos
  5 giant newts
  A giant spore (D:8)
  A hobgoblin zombie (D:5)
  17 kobolds
  An orc skeleton (D:4)
  An orc zombie (D:8)
  9 quokkas
  22 rats
  A rat skeleton (D:5)
  2 ballistomycetes (D:8)
548 creatures vanquished.

Vanquished Creatures (collateral kills)
  A spiny worm (Lair:8)
  The ghost of wuxia the Thaumaturge, an experienced DECj (D:5)
  A troll (D:9)
  4 blink frogs (Lair:8)
  4 yaks (D:9)
  2 wolves (Lair:3)
  A porcupine (Lair:3)
  A sky beast (D:9)
  4 ice beasts
  A centaur (D:7)
  A gnoll sergeant (D:9)
  An iguana (D:9)
  An orc wizard (D:9)
  An adder (D:9)
  A kobold (D:7)
25 creatures vanquished.

Vanquished Creatures (others)
  A fire elemental (Lair:3)
  A sky beast (D:8)
  An ogre (D:10)
  A bat (Lair:3)
  4 fungi (Lair:4)
  A plant (Lair:1)
9 creatures vanquished.

Grand Total: 582 creatures vanquished

Notes
Turn   | Place    | Note
--------------------------------------------------------------
     0 | D:1      | M4edhros, the Octopode Berserker, began the quest for the Orb.
     0 | D:1      | Reached XP level 1. HP: 16/16 MP: 1/1
   140 | D:1      | Reached XP level 2. HP: 14/21 MP: 2/2
   551 | D:1      | Reached skill level 4 in Dodging
   666 | D:1      | Reached XP level 3. HP: 22/26 MP: 3/3
   792 | D:2      | Found a shimmering altar of Xom.
   895 | D:2      | Noticed Terence
   903 | D:2      | Killed Terence
   903 | D:2      | Acquired Trog's second power
   944 | D:2      | Reached skill level 1 in Throwing
  1579 | D:3      | Reached XP level 4. HP: 31/31 MP: 4/4
  2540 | D:4      | Reached XP level 5. HP: 36/36 MP: 5/5
  2541 | D:4      | Reached skill level 5 in Dodging
  2596 | D:4      | Found a staircase to the Ecumenical Temple.
  2675 | D:4      | Found a deep blue altar of Sif Muna.
  2941 | D:4      | Identified Sif Muna's Disquisition on the Escort (You found it on level 4 of the Dungeon)
  3060 | D:4      | Noticed an ogre
  3074 | D:4      | Killed an ogre
  3074 | D:4      | Reached XP level 6. HP: 42/42 MP: 6/6
  3094 | D:4      | Found a radiant altar of Vehumet.
  3506 | D:4      | Reached skill level 6 in Dodging
  3630 | D:4      | Found an iron altar of Okawaru.
  3885 | D:4      | Noticed an ogre
  3891 | D:4      | Killed an ogre
  3891 | D:4      | Reached XP level 7. HP: 46/46 MP: 7/7
  3979 | D:5      | Entered Level 5 of the Dungeon
  4015 | D:5      | Noticed Ijyb
  4148 | D:5      | Killed Ijyb
  4148 | D:5      | Reached skill level 7 in Dodging
  4149 | D:5      | Found a glowing drain.
  4177 | Sewer    | Entered a sewer
  4258 | Sewer    | Acquired Trog's third power
  4991 | Sewer    | Reached skill level 8 in Dodging
  4994 | Sewer    | Reached XP level 8. HP: 52/52 MP: 8/8
  5415 | D:5      | Noticed wuxia's ghost (experienced DECj)
  5623 | D:5      | Received a gift from Trog
  5623 | D:5      | Reached skill level 9 in Dodging
  5740 | D:5      | Killed wuxia's ghost
  5752 | D:5      | Found a burning altar of Makhleb.
  6107 | D:5      | Reached skill level 10 in Dodging
  6497 | D:6      | You fall through a shaft for 3 floors!
  6503 | D:9      | Reached XP level 9. HP: 52/52 MP: 9/9
  6513 | D:9      | Reached skill level 5 in Polearms
  6551 | D:9      | Found a blossoming altar of Fedhas.
  6858 | D:9      | Noticed a hill giant
  7376 | D:7      | Reached XP level 10. HP: 35/59 MP: 10/10
  7577 | D:7      | Reached skill level 10 in Polearms
  8358 | D:8      | Noticed Edmund
  8377 | D:8      | Killed Edmund
  8486 | D:8      | Found a glowing golden altar of the Shining One.
  8576 | D:8      | Found a white marble altar of Elyvilon.
  8720 | D:8      | Received a gift from Trog
  8844 | D:8      | Noticed a skeletal warrior
  9044 | D:8      | Killed a skeletal warrior
  9044 | D:8      | Reached skill level 11 in Polearms
  9525 | D:9      | Gained mutation: Your body is misshapen. [mutagenic meat]
  9526 | D:9      | Gained mutation: You can breathe flames. [mutagenic meat]
  9527 | D:9      | Gained mutation: Your body is slowly deteriorating. [mutagenic meat]
  9805 | D:10     | Entered Level 10 of the Dungeon
  9857 | D:10     | Found a staircase to the Lair.
  9867 | D:10     | Reached skill level 12 in Polearms
  9979 | D:10     | Reached XP level 11. HP: 53/63 MP: 11/11
 10546 | D:10     | Reached skill level 1 in Shields
 10739 | D:10     | Found a staircase to the Orcish Mines.
 10785 | D:10     | Noticed Gastronok
 11183 | Lair:1   | Entered Level 1 of the Lair of Beasts
 11579 | Lair:2   | Found a frozen archway.
 11760 | IceCv    | Entered an ice cave
 11812 | IceCv    | Noticed an ice statue
 11812 | IceCv    | Noticed an ice statue
 11812 | IceCv    | Noticed an ice statue
 12279 | IceCv    | Killed an ice statue
 12280 | IceCv    | Killed an ice statue
 12280 | IceCv    | Reached skill level 5 in Fighting
 12286 | IceCv    | Killed an ice statue
 12394 | Lair:2   | Received a gift from Trog
 13150 | Lair:1   | Reached skill level 5 in Shields
 13681 | Lair:1   | Reached XP level 12. HP: 75/75 MP: 12/12
 14552 | Lair:3   | Noticed Harold
 14570 | Lair:3   | Killed Harold
 15263 | Lair:4   | Noticed a seven-headed hydra
 15268 | Lair:4   | Killed a seven-headed hydra
 15772 | Lair:4   | Received a gift from Trog
 16823 | Lair:5   | Found a staircase to the Shoals.
 17131 | Lair:5   | Found a hole to the Spider Nest.
 17597 | Lair:6   | Lost mutation: Your body is misshapen. [potion of cure mutation]
 17597 | Lair:6   | Lost mutation: Your body is slowly deteriorating. [potion of cure mutation]
 17597 | Lair:6   | Lost mutation: You can breathe flames. [potion of cure mutation]
 17799 | Lair:6   | Reached XP level 13. HP: 85/85 MP: 13/13
 19037 | Lair:7   | Found a dark tunnel.
 19048 | Volcano  | Entered a volcano
 19728 | Lair:7   | Received a gift from Trog
 20218 | Lair:8   | Entered Level 8 of the Lair of Beasts
 20225 | Lair:8   | Reached skill level 13 in Dodging
 20228 | Lair:8   | Found a staircase to the Slime Pits.
 20392 | Lair:8   | Slain by a four-headed hydra

Action                   |  1- 3 |  4- 6 |  7- 9 | 10-12 | 13-15 || total
-------------------------+-------+-------+-------+-------+-------++-------
Melee: Spear             |    78 |   135 |   517 |   891 |       ||  1621
       Trident           |       |       |       |   326 |   284 ||   610
Throw: Javelin           |       |       |     1 |       |       ||     1
Invok: Berserk           |       |     3 |     6 |    14 |     3 ||    26
       Trog's Hand       |       |     1 |     3 |     6 |     1 ||    11
       Brothers in Arms  |       |       |     4 |     4 |     1 ||     9
       Burn Spellbooks   |       |       |       |     4 |       ||     4
 Abil: Breathe Fire      |       |       |       |    11 |       ||    11
Evoke: Wand              |       |       |     4 |    21 |     5 ||    30
       lamp of fire      |       |       |       |     1 |       ||     1
  Use: Potion            |     4 |     4 |    10 |    12 |     1 ||    31
       Scroll            |       |     5 |    12 |    18 |     3 ||    38
 Stab: Sleeping          |     3 |     3 |     8 |    16 |     4 ||    34
       Distracted        |       |       |     1 |     4 |     1 ||     6
       Confused          |       |       |       |     6 |       ||     6
       Held in net/web   |       |       |       |     6 |       ||     6
       Paralysed         |       |       |       |     4 |       ||     4
